 Dungeon Crawl Stone Soup version 0.29.0-15-g675c0067aa (webtiles) character file.

Game seed: 17557729474656494821

5334 qw the Cleaver (level 10, -3/88 HPs)
             Began as a Minotaur Berserker on Sept 11, 2022.
             Was an Elder of Trog.
             Slain by a death yak (11 damage)
             ... on level 8 of the Dungeon.
             The game lasted 00:03:18 (9295 turns).

qw the Cleaver (Minotaur Berserker)                 Turns: 9295, Time: 00:03:18

Health: -3/88      AC:  9    Str: 26    XL:     10   Next: 38%
Magic:  9/9        EV: 14    Int:  4    God:    Trog [****..]
Gold:   434        SH:  5    Dex: 16    Spells: 9/9 levels left

rFire   . . .      SeeInvis .   Y - +2 hand axe
rCold   . . .      Faith    .   e - +0 buckler
rNeg    . . .      Spirit   .   h - +0 chain mail
rPois   .          Reflect  .   (helmet restricted)
rElec   .          Harm     .   (no cloak)
rCorr   .          Rampage  .   (no gloves)
Will    .....                   (no boots)
Stlth   ..........              (no amulet)
HPRegen 0.24/turn               q - +4 ring of evasion
MPRegen 0.11/turn               r - +6 ring of dexterity

@: about to teleport, on berserk cooldown, slowed, very slow
A: horns 2, retaliatory headbutt
a: Renounce Religion, Berserk, Trog's Hand, Brothers in Arms


You were on level 8 of the Dungeon.
You worshipped Trog.
Trog was greatly pleased with you.
You visited 1 branch of the dungeon, and saw 8 of its levels.
You also visited: Sewer.

You collected 434 gold pieces.


Innate Abilities, Weirdness & Mutations

You have a pair of horns on your head.
You reflexively headbutt those who attack you in melee.


   Skills:
 - Level 8.0 Fighting
 - Level 14.4 Axes
 + Level 3.1 Throwing
 - Level 4.7 Armour
 - Level 5.4 Dodging
 - Level 5.1 Shields


You had 9 spell levels left.
You didn't know any spells.
Your spell library was empty.

Inventory:

Hand Weapons
 g - a +0 antimagic flail
 Y - a +2 hand axe (weapon)
Missiles
 j - 8 boomerangs
 o - 2 silver javelins (quivered)
Armour
 e - a +0 buckler (worn)
 h - a +0 chain mail (worn)
Jewellery
 q - a +4 ring of evasion (left hand)
 r - a +6 ring of dexterity (right hand)
Scrolls
 c - 2 scrolls of teleportation
 f - 2 scrolls of identify
Potions
 a - 3 potions of curing
 b - 2 potions of haste
 d - a potion of resistance
 i - a potion of mutation
 m - a potion of might
 n - a potion of heal wounds {unknown}
 p - a potion of invisibility {unknown}

Dungeon Overview and Level Annotations

Branches:
Dungeon (8/15)             Temple (0/1) D:5           Sewer (visited)
   Lair: D:8-11

Altars:
Ashenzari
Dithmenos
Hepliaklqana
Makhleb
Sif Muna
Trog
Uskayaw
Xom
Yredelemnul

Shops:
D:2 [

Annotations:
D:4 2 runed translucent doors, Crazy Yiuf


Message History

You slash the death yak! You headbutt the death yak!
The death yak is severely wounded.
The death yak gores you!!
You hear a bellow!
You hit the death yak but do no damage. You headbutt the death yak!!
You kill the death yak!
Trog accepts your kill.
Your Axes skill increases to level 14!
The death yak barely misses you. You furiously retaliate!
You headbutt the death yak!!
You see here a death yak corpse.
You hit the death yak. You headbutt the death yak!
The death yak is heavily wounded.
The death yak gores you.
You hit the death yak but do no damage.
The death yak is heavily wounded.
You slash the death yak!
The death yak is severely wounded.
You hear a bellow!
The death yak completely misses you.
A death yak comes into view.
You slash the death yak! You headbutt the death yak!
The death yak is almost dead.
You are no longer berserk.
You are exhausted.
You feel yourself slow down.
9293 ||| READING 3 scrolls of teleportation.
As you read the scroll of teleportation, it crumbles to dust.
You feel strangely unstable.
A death yak comes into view.
The death yak closely misses you. You block the death yak's attack.
The death yak moves out of view.
You hit the death yak but do no damage.
The death yak is almost dead.
The death yak gores you!
You hear a bellow!
You hit the death yak.
The death yak is almost dead.
The death yak gores you!
You die...

###...PPPP...##..#####
#.....................
.....>...##.##.........
.#..........##.#.......
..............#.....(
#)......###........#
<............##Y.##
#.##.#####..#YY..# #
#..@# #.### #.# #.. ...
~~~ ###~.


You could see 3 death yaks.

Vanquished Creatures
  3 death yaks (D:8)
  Eustachio (D:4)
  Menkaure (D:7)
  3 steam dragons
  2 water moccasins
  An orc warrior (D:5)
  5 sky beasts (D:7)
  A black bear (D:4)
  2 ogres (D:7)
  5 kobold brigands (Sewer)
  6 scorpions
  3 necrophages
  2 orc priests (D:7)
  8 hounds
  3 gnoll boudas
  7 iguanas
  4 orc wizards
  Natasha (thrice) (D:2)
  12 gnolls
  A river rat (Sewer)
  15 adders
  An ufetubus (D:4)
  6 worms
  5 dart slugs
  19 orcs
  9 ball pythons
  8 bats
  14 endoplasms
  3 giant cockroaches
  9 goblins
  5 hobgoblins
  6 jackals
  10 kobolds
  A quokka (D:4)
  2 frilled lizards (D:1)
  7 rats
193 creatures vanquished.

Vanquished Creatures (others)
  A plant (D:8)
1 creature vanquished.

Grand Total: 194 creatures vanquished

Notes
Turn   | Place    | Note
-------+----------+-------------------------------------------
     0 | D:1      | qw the Minotaur Berserker began the quest for the Orb.
     0 | D:1      | Reached XP level 1. HP: 19/19 MP: 0/0
     0 | D:1      | 0 ||| qw: Version: 0.1-a-119-g272c26d
     0 | D:1      | 0 ||| qw: Game counter: 10699
     0 | D:1      | 0 ||| qw: Always use a shield: true
     0 | D:1      | 0 ||| qw: Do Orc after D:15 true
     0 | D:1      | 0 ||| qw: Do second Lair branch before Depths: true
     0 | D:1      | 0 ||| qw: Lair rune preference: random
     0 | D:1      | 0 ||| qw: Plans: Normal
     0 | D:1      | 0 ||| PLANNING D:1-11
    47 | D:1      | Reached skill level 4 in Axes
   196 | D:1      | 196 ||| DROPPING +0 club.
   232 | D:1      | 232 ||| Stepping ~*~*~tactically~*~*~ (stealth).
   235 | D:1      | Reached XP level 2. HP: 26/26 MP: 1/1
   235 | D:1      | 235 ||| Stepping ~*~*~tactically~*~*~ (stealth).
   259 | D:1      | 259 ||| Stepping ~*~*~tactically~*~*~ (stealth).
   269 | D:1      | 269 ||| Stepping ~*~*~tactically~*~*~ (stealth).
   271 | D:1      | 271 ||| Stepping ~*~*~tactically~*~*~ (stealth).
   528 | D:1      | 528 ||| INVOKING Berserk.
   756 | D:1      | 756 ||| UPGRADING to +0 leather armour.
   766 | D:1      | 766 ||| DROPPING +0 animal skin.
   767 | D:1      | 767 ||| UPGRADING to +0 chain mail.
   777 | D:1      | 777 ||| DROPPING +0 leather armour.
   778 | D:1      | 778 ||| READING scroll labelled GAZANO WUSO.
   783 | D:1      | 783 ||| READING scroll labelled KEEHIJOROPP.
   814 | D:2      | 814 ||| STAIRDANCE
   821 | D:1      | Reached skill level 5 in Axes
   821 | D:1      | Reached XP level 3. HP: 29/31 MP: 2/2
   843 | D:2      | 843 ||| STAIRDANCE
   964 | D:2      | Noticed Natasha
   965 | D:2      | 965 ||| Stepping ~*~*~tactically~*~*~ (hiding).
   968 | D:2      | 968 ||| INVOKING Berserk.
   973 | D:2      | Killed Natasha
  1032 | D:2      | Noticed Natasha
  1033 | D:2      | 1033 ||| INVOKING Berserk.
  1038 | D:2      | Killed Natasha
  1039 | D:2      | Reached skill level 6 in Axes
  1039 | D:2      | Reached XP level 4. HP: 39/39 MP: 3/3
  1194 | D:2      | 1194 ||| Stepping ~*~*~tactically~*~*~ (stealth).
  1260 | D:2      | Found Erhil's Antique Armour Shoppe.
  1262 | D:2      | 1262 ||| Stepping ~*~*~tactically~*~*~ (hiding).
  1266 | D:2      | 1266 ||| Stepping ~*~*~tactically~*~*~ (hiding).
  1284 | D:2      | 1284 ||| SHOPLISTING encrusted plate armour (896 gold, have
                  | 75).
  1284 | D:2      | 1284 ||| SHOPLISTING glowing chain mail (240 gold, have
                  | 75).
  1284 | D:2      | 1284 ||| SHOPLISTING pair of gloves (144 gold, have 75).
  1284 | D:2      | 1284 ||| SHOPLISTING runed orb (384 gold, have 75).
  1284 | D:2      | 1284 ||| SHOPLISTING runed plate armour (832 gold, have
                  | 75).
  1284 | D:2      | 1284 ||| SHOPLISTING shiny chain mail (240 gold, have 75).
  1409 | D:2      | Noticed Natasha
  1412 | D:2      | 1412 ||| INVOKING Berserk.
  1414 | D:2      | Killed Natasha
  1415 | D:2      | Reached skill level 7 in Axes
  1415 | D:2      | Reached XP level 5. HP: 45/45 MP: 4/4
  1495 | D:2      | Reached ** piety under Trog
  1642 | D:2      | Found a burning altar of Makhleb.
  1679 | D:2      | 1679 ||| READING scroll labelled LOUWIKIARGH.
  1680 | D:2      | 1680 ||| DRINKING 4 fizzy cyan potions.
  1697 | D:3      | 1697 ||| PLANNING SEWER
  1713 | D:3      | 1713 ||| Stepping ~*~*~tactically~*~*~ (hiding).
  1798 | D:3      | Found a glowing drain.
  1811 | D:3      | 1811 ||| UPGRADING to +0 buckler.
  1816 | D:3      | 1816 ||| READING scroll labelled LUXULUEPHEB.
  1818 | D:3      | 1818 ||| FLEEEEING.
  1833 | D:3      | 1833 ||| FLEEEEING.
  1834 | D:3      | 1834 ||| FLEEEEING.
  1835 | D:3      | 1835 ||| FLEEEEING.
  1836 | D:3      | 1836 ||| FLEEEEING.
  1838 | D:3      | 1838 ||| FLEEEEING.
  1853 | D:3      | 1853 ||| FLEEEEING.
  1854 | D:3      | 1854 ||| FLEEEEING.
  1855 | D:3      | 1855 ||| FLEEEEING.
  1856 | D:3      | 1856 ||| FLEEEEING.
  1857 | D:3      | 1857 ||| FLEEEEING.
  1858 | D:3      | 1858 ||| FLEEEEING.
  1859 | D:3      | 1859 ||| FLEEEEING.
  1860 | D:3      | 1860 ||| FLEEEEING.
  1861 | D:3      | 1861 ||| FLEEEEING.
  1862 | D:3      | 1862 ||| FLEEEEING.
  1863 | D:3      | 1863 ||| STAIRDANCE
  1867 | D:3      | 1867 ||| STAIRDANCE
  1871 | D:3      | 1871 ||| STAIRDANCE
  1875 | D:3      | 1875 ||| STAIRDANCE
  1879 | D:3      | 1879 ||| STAIRDANCE
  1887 | D:3      | 1887 ||| STAIRDANCE
  1904 | D:3      | 1904 ||| FLEEEEING.
  1905 | D:3      | 1905 ||| FLEEEEING.
  1907 | D:3      | 1907 ||| FLEEEEING.
  1908 | D:3      | 1908 ||| FLEEEEING.
  1909 | D:3      | 1909 ||| FLEEEEING.
  1910 | D:3      | 1910 ||| FLEEEEING.
  1911 | D:3      | 1911 ||| FLEEEEING.
  1912 | D:3      | 1912 ||| FLEEEEING.
  1913 | D:3      | 1913 ||| FLEEEEING.
  1914 | D:3      | 1914 ||| FLEEEEING.
  1915 | D:3      | 1915 ||| FLEEEEING.
  1916 | D:3      | 1916 ||| FLEEEEING.
  1917 | D:3      | 1917 ||| STAIRDANCE
  1921 | D:3      | 1921 ||| STAIRDANCE
  1925 | D:3      | 1925 ||| STAIRDANCE
  1929 | D:3      | 1929 ||| STAIRDANCE
  1933 | D:3      | 1933 ||| STAIRDANCE
  1937 | D:3      | 1937 ||| STAIRDANCE
  1941 | D:3      | 1941 ||| STAIRDANCE
  1950 | D:3      | 1950 ||| STAIRDANCE
  1996 | Sewer    | Entered a sewer
  2021 | Sewer    | 2021 ||| Stepping ~*~*~tactically~*~*~ (water).
  2028 | Sewer    | Reached skill level 3 in Shields
  2287 | Sewer    | 2287 ||| INVOKING Berserk.
  2287 | Sewer    | HP: 11/69 [kobold brigand/+1 dagger of electrocution (18)]
  2289 | Sewer    | Reached XP level 6. HP: 12/52 MP: 5/5
  2746 | Sewer    | Reached skill level 8 in Axes
  2747 | Sewer    | 2747 ||| INVOKING Berserk.
  2985 | Sewer    | 2985 ||| Stepping ~*~*~tactically~*~*~ (water).
  3144 | Sewer    | Reached skill level 9 in Axes
  3144 | Sewer    | Reached XP level 7. HP: 49/59 MP: 6/6
  3224 | Sewer    | 3224 ||| READING scroll labelled ZEZXEROWUCH.
  3225 | Sewer    | 3225 ||| DRINKING 2 fuming coppery potions.
  3246 | D:3      | 3246 ||| PLANNING D:1-11
  3279 | D:3      | 3279 ||| Stepping ~*~*~tactically~*~*~ (stealth).
  3596 | D:3      | Reached *** piety under Trog
  3795 | D:3      | 3795 ||| Stepping ~*~*~tactically~*~*~ (hiding).
  3801 | D:3      | 3801 ||| Stepping ~*~*~tactically~*~*~ (hiding).
  3979 | D:3      | 3979 ||| Stepping ~*~*~tactically~*~*~ (hiding).
  4188 | D:3      | 4188 ||| READING 2 scrolls labelled DEZXEA USAASUU.
  4189 | D:3      | 4189 ||| READING scroll labelled MUDIYC TEIXZOUG.
  4248 | D:4      | 4248 ||| STAIRDANCE
  4261 | D:4      | 4261 ||| INVOKING Berserk.
  4267 | D:4      | 4267 ||| STAIRDANCE
  4708 | D:4      | Reached skill level 3 in Armour
  4775 | D:4      | 4775 ||| INVOKING Berserk.
  4936 | D:4      | 4936 ||| Stepping ~*~*~tactically~*~*~ (hiding).
  4938 | D:4      | 4938 ||| Stepping ~*~*~tactically~*~*~ (hiding).
  4939 | D:4      | 4939 ||| Stepping ~*~*~tactically~*~*~ (hiding).
  4942 | D:4      | 4942 ||| Stepping ~*~*~tactically~*~*~ (hiding).
  4943 | D:4      | 4943 ||| Stepping ~*~*~tactically~*~*~ (hiding).
  4945 | D:4      | 4945 ||| Stepping ~*~*~tactically~*~*~ (hiding).
  4945 | D:4      | Found a runed translucent door.
  4945 | D:4      | Noticed a human
  4974 | D:4      | Found a basalt altar of Yredelemnul.
  5105 | D:4      | 5105 ||| Stepping ~*~*~tactically~*~*~ (stealth).
  5118 | D:4      | Reached skill level 10 in Axes
  5196 | D:4      | Found a hide-covered altar of Uskayaw.
  5199 | D:4      | 5199 ||| Stepping ~*~*~tactically~*~*~ (stealth).
  5201 | D:4      | 5201 ||| Stepping ~*~*~tactically~*~*~ (stealth).
  5203 | D:4      | 5203 ||| Stepping ~*~*~tactically~*~*~ (stealth).
  5223 | D:4      | 5223 ||| Stepping ~*~*~tactically~*~*~ (stealth).
  5224 | D:4      | 5224 ||| Stepping ~*~*~tactically~*~*~ (stealth).
  5227 | D:4      | 5227 ||| Stepping ~*~*~tactically~*~*~ (stealth).
  5228 | D:4      | 5228 ||| Stepping ~*~*~tactically~*~*~ (stealth).
  5229 | D:4      | 5229 ||| Stepping ~*~*~tactically~*~*~ (stealth).
  5267 | D:4      | Noticed Eustachio
  5270 | D:4      | 5270 ||| INVOKING Berserk.
  5272 | D:4      | Killed Eustachio
  5273 | D:4      | Reached XP level 8. HP: 69/69 MP: 7/7
  5446 | D:4      | Found a runed translucent door.
  5447 | D:4      | Noticed Crazy Yiuf
  5563 | D:4      | 5563 ||| DROPPING orb of mayhem.
  5582 | D:5      | Entered Level 5 of the Dungeon
  5615 | D:5      | Found a staircase to the Ecumenical Temple.
  5654 | D:5      | Found a shadowy altar of Dithmenos.
  5657 | D:5      | 5657 ||| READING 3 scrolls of teleportation.
  5658 | D:5      | 5658 ||| FLEEEEING.
  5659 | D:5      | 5659 ||| FLEEEEING.
  5660 | D:5      | Found a bloodstained altar of Trog.
  5662 | D:5      | 5662 ||| INVOKING Berserk.
  5668 | D:5      | Reached skill level 6 in Fighting
  5826 | D:5      | 5826 ||| DROPPING +0 whip.
  5832 | D:5      | 5832 ||| DROPPING +0 flail.
  5839 | D:5      | Found a hazy altar of Hepliaklqana.
  6060 | D:5      | 6060 ||| Stepping ~*~*~tactically~*~*~ (stealth).
  6070 | D:5      | 6070 ||| Stepping ~*~*~tactically~*~*~ (stealth).
  6306 | D:5      | Found a shimmering blue altar of Sif Muna.
  6311 | D:5      | 6311 ||| DRINKING 3 potions of curing.
  6311 | D:5      | 6311 ||| (to cure confusion)
  6321 | D:5      | Reached skill level 11 in Axes
  6413 | D:5      | 6413 ||| DROPPING +2 ring mail of willpower.
  6563 | D:6      | Reached skill level 3 in Throwing
  6594 | D:6      | Found a shimmering altar of Xom.
  6728 | D:6      | 6728 ||| READING 4 scrolls of identify.
  6728 | D:6      | 6728 ||| IDENTIFYING red potion
  6729 | D:6      | 6729 ||| READING 3 scrolls of identify.
  6729 | D:6      | 6729 ||| IDENTIFYING purple potion
  6730 | D:6      | 6730 ||| READING 2 scrolls of identify.
  6730 | D:6      | 6730 ||| IDENTIFYING coppery potion
  7190 | D:6      | 7190 ||| READING scroll labelled GYHEVE KORHEINN.
  7191 | D:6      | 7191 ||| DROPPING potion of attraction.
  7192 | D:6      | 7192 ||| READING 3 scrolls of teleportation.
  7230 | D:7      | 7230 ||| INVOKING Berserk.
  7423 | D:7      | Reached **** piety under Trog
  7424 | D:7      | Reached XP level 9. HP: 73/77 MP: 8/8
  7431 | D:7      | Reached skill level 12 in Axes
  7459 | D:7      | 7459 ||| FLEEEEING.
  7460 | D:7      | 7460 ||| FLEEEEING.
  7461 | D:7      | 7461 ||| FLEEEEING.
  7462 | D:7      | 7462 ||| FLEEEEING.
  7463 | D:7      | 7463 ||| FLEEEEING.
  7464 | D:7      | 7464 ||| FLEEEEING.
  7664 | D:7      | Noticed Menkaure
  7668 | D:7      | 7668 ||| Stepping ~*~*~tactically~*~*~ (hiding).
  7670 | D:7      | 7670 ||| Stepping ~*~*~tactically~*~*~ (hiding).
  7674 | D:7      | 7674 ||| INVOKING Berserk.
  7678 | D:7      | Killed Menkaure
  7922 | D:7      | Found a broken altar of Ashenzari.
  8064 | D:7      | 8064 ||| FLEEEEING.
  8065 | D:7      | 8065 ||| FLEEEEING.
  8066 | D:7      | 8066 ||| FLEEEEING.
  8067 | D:7      | 8067 ||| FLEEEEING.
  8071 | D:7      | 8071 ||| FLEEEEING.
  8072 | D:7      | 8072 ||| FLEEEEING.
  8073 | D:7      | 8073 ||| FLEEEEING.
  8074 | D:7      | 8074 ||| FLEEEEING.
  8075 | D:7      | 8075 ||| FLEEEEING.
  8076 | D:7      | 8076 ||| FLEEEEING.
  8077 | D:7      | 8077 ||| FLEEEEING.
  8078 | D:7      | 8078 ||| FLEEEEING.
  8079 | D:7      | 8079 ||| FLEEEEING.
  8080 | D:7      | 8080 ||| FLEEEEING.
  8081 | D:7      | 8081 ||| FLEEEEING.
  8083 | D:7      | 8083 ||| STAIRDANCE
  8117 | D:6      | 8117 ||| UPGRADING to +4 ring of evasion.
  8118 | D:6      | 8118 ||| UPGRADING to +6 ring of dexterity.
  8119 | D:6      | 8119 ||| READING 2 scrolls labelled TICIUNI ONIHIU.
  8120 | D:6      | 8120 ||| READING scroll of enchant weapon.
  8120 | D:6      | 8120 ||| ENCHANTING +1 hand axe.
  8124 | D:7      | 8124 ||| INVOKING Berserk.
  8130 | D:7      | Reached skill level 3 in Dodging
  8265 | D:7      | 8265 ||| INVOKING Berserk.
  8419 | D:7      | 8419 ||| INVOKING Berserk.
  8561 | D:7      | 8561 ||| Stepping ~*~*~tactically~*~*~ (hiding).
  8564 | D:7      | 8564 ||| Stepping ~*~*~tactically~*~*~ (stealth).
  8567 | D:7      | 8567 ||| FLEEEEING.
  8572 | D:7      | 8572 ||| FLEEEEING.
  8573 | D:7      | 8573 ||| FLEEEEING.
  8577 | D:7      | 8577 ||| FLEEEEING.
  8578 | D:7      | 8578 ||| FLEEEEING.
  8579 | D:7      | 8579 ||| FLEEEEING.
  8580 | D:7      | 8580 ||| FLEEEEING.
  8581 | D:7      | 8581 ||| FLEEEEING.
  8582 | D:7      | 8582 ||| STAIRDANCE
  8647 | D:6      | 8647 ||| READING 2 scrolls of identify.
  8647 | D:6      | 8647 ||| IDENTIFYING white potion
  8648 | D:6      | 8648 ||| DROPPING potion of lignification.
  8651 | D:7      | 8651 ||| STAIRDANCE
  8656 | D:6      | 8656 ||| READING 2 scrolls of identify.
  8656 | D:6      | 8656 ||| IDENTIFYING viscous pink potion
  8865 | D:7      | 8865 ||| INVOKING Berserk.
  8867 | D:7      | Reached skill level 13 in Axes
  9070 | D:8      | 9070 ||| INVOKING Berserk.
  9075 | D:8      | 9075 ||| STAIRDANCE
  9129 | D:8      | 9129 ||| Stepping ~*~*~tactically~*~*~ (hiding).
  9132 | D:8      | 9132 ||| Stepping ~*~*~tactically~*~*~ (hiding).
  9138 | D:8      | 9138 ||| INVOKING Berserk.
  9267 | D:8      | Noticed a death yak
  9267 | D:8      | Noticed a death yak
  9267 | D:8      | Noticed a death yak
  9269 | D:8      | 9269 ||| INVOKING Berserk.
  9275 | D:8      | Killed a death yak
  9276 | D:8      | Reached XP level 10. HP: 88/88 MP: 9/9
  9278 | D:8      | Noticed a death yak
  9281 | D:8      | Noticed a death yak
  9284 | D:8      | Killed a death yak
  9286 | D:8      | HP: 31/132 [death yak (24)]
  9287 | D:8      | Killed a death yak
  9288 | D:8      | Reached skill level 14 in Axes
  9291 | D:8      | Noticed a death yak
  9293 | D:8      | 9293 ||| READING 3 scrolls of teleportation.
  9293 | D:8      | Noticed a death yak
  9294 | D:8      | HP: 8/88 [death yak (13)]
  9295 | D:8      | Slain by a death yak

Levels and vault maps discovered:
D:1:      dpeg_arrival_rooms_a, layout_basic
D:2:      layout_basic, serial_shops, shop, basic_altar, interstate_on_off,
          uniq_natasha
D:3:      layout_loops_ring, cheibrodos_sewer_entry_bend,
          chequers_serial_rivers_large_b
D:4:      layout_cave_pools, dk_yredelemnul_ordeal,
          mainiacjoe_overflow_alcove_1, uniq_crazy_yiuf_cottage, uniq_eustachio
D:5:      layout_rooms, nzn_overflow_gifts_of_might_and_magic,
          nicolae_dithmenos_through_a_glass_darkly,
          nicolae_hepliaklqana_hazy_memory, minmay_temple_entry_tees,
          minmay_door_square
D:6:      layout_loops_ring, mainiacjoe_overflow_paths,
          kennysheep_generic_room_2
D:7:      layout_cave_pods, cheibrodos_ashenzari_chains, hangedman_misty_isle,
          uniq_menkaure
D:8:      layout_loops_cross, lemuel_tele_altar, grunt_nemelex_the_gamble,
          dpeg_lair_monsters, enter_bailey_3, nicolae_grassy_gnolls

Skill      XL: |  1  2  3  4  5  6  7  8  9 10 |
---------------+-------------------------------+-----
Axes           | 4 5 6 7 9 10 11 13 14 | 14.4
Fighting       | 4 5 6 8 |  8.0
Shields        | 3 4 5 |  5.1
Armour         | 3 4 |  4.7
Throwing       | 2 3 |  3.1
Dodging        | 5 |  5.4

Action                   |  1- 3 |  4- 6 |  7- 9 | 10-12 || total
-------------------------+-------+-------+-------+-------++-------
Melee: Hand axe          |    67 |   160 |   342 |    18 ||   587
       Headbutt          |     7 |    32 |    71 |     6 ||   116
       Punch             |     1 |       |       |       ||     1
Throw: Boomerang         |       |       |    45 |       ||    45
       Javelin           |       |       |    33 |       ||    33
Invok: Berserk           |     3 |     3 |    13 |       ||    19
  Use: Scroll            |     2 |     2 |    13 |     1 ||    18
       Potion            |       |     1 |     2 |       ||     3
Armor: Animal skin       |     4 |       |       |       ||     4
       Chain mail        |    12 |    49 |    98 |     1 ||   160
Dodge: Dodged            |    24 |    49 |   105 |     4 ||   182
Block: Buckler           |       |     3 |    59 |     3 ||    65

Table legend:
 A = Non-vault XP
 B = Vault XP
 C = Vault XP percentage of total XP
 D = Non-vault monster count
 E = Vault monster count
 F = Vault count percentage of total count
                 A         B        C        D         E       F
            +---------+---------+-------+---------+---------+-------
      Total |    3130 |    4491 |  58.9 |     145 |      48 |  24.9
            +---------+---------+-------+---------+---------+-------
        D:1 |      44 |       0 |   0.0 |      19 |       0 |   0.0
        D:2 |     131 |      33 |  20.1 |      23 |       1 |   4.2
        D:3 |     104 |      10 |   8.8 |      21 |       2 |   8.7
        D:4 |     464 |     196 |  29.7 |      24 |       1 |   4.0
        D:5 |     409 |     172 |  29.6 |       9 |       2 |  18.2
        D:6 |     405 |       0 |   0.0 |      11 |       0 |   0.0
        D:7 |    1173 |     965 |  45.1 |      35 |       7 |  16.7
        D:8 |     400 |    2539 |  86.4 |       3 |       7 |  70.0
      Sewer |       0 |     576 | 100.0 |       0 |      28 | 100.0
            +---------+---------+-------+---------+---------+-------
